 Dungeon Crawl Stone Soup version 0.31-a0-1570-g93c622d222 (webtiles) character file.

Game seed: 14095063014967992552

75 innerfire43 the Cudgeller (level 4, 0/34 HPs)
             Began as a Demonspawn Wanderer on Jan 3, 2024.
             Succumbed to Terence's poison
             ... on level 3 of the Dungeon.
             The game lasted 00:02:32 (1675 turns).

innerfire43 the Cudgeller (Demonspawn Wanderer)     Turns: 1675, Time: 00:02:33

Health: 0/34       AC:  7    Str: 16    XL:     4   Next: 11%
Magic:  4/4        EV: 11    Int: 12    God:
Gold:   140        SH:  0    Dex: 11    Spells: 3/3 levels left

rFire   . . .        a - +0 flail
rCold   . . .        (no shield)
rNeg    . . .        c - +0 ring mail
rPois   .            (helmet restricted)
rElec   .            (no cloak)
rCorr   .            (no gloves)
SInv    .            e - +1 pair of boots
Will    .....        f - amulet of the acrobat
Stlth   +            (no ring)
HPRegen 0.25/turn    (no ring)
MPRegen 0.09/turn

%: acrobat
@: lethally poisoned (0 -> -19)
A: horns 1, powered by pain 1
a: no special abilities


You were on level 3 of the Dungeon.
You visited 1 branch of the dungeon, and saw 3 of its levels.

You collected 140 gold pieces.

Inventory:

Hand Weapons
 a - a +0 flail (weapon)
 b - a +0 short sword
Armour
 c - a +0 ring mail (worn)
 e - a +1 pair of boots (worn)
 g - a +0 helmet
Jewellery
 f - an amulet of the acrobat (around neck)
Scrolls
 d - 2 scrolls of fear
 h - a scroll of vulnerability {unknown}
 i - 2 scrolls of identify {unknown}
 k - a scroll of poison {unknown}
 l - a scroll of enchant weapon {unknown}
 m - a scroll of fog {unknown}
 n - a scroll of revelation {unknown}
Potions
 j - a potion of heal wounds {unknown}


   Skills:
 + Level 2.7 Fighting
 - Level 1.0 Short Blades
 + Level 3.2 Maces & Flails
 + Level 2.4 Armour
 + Level 2.0 Dodging
 - Level 1.0 Stealth


You had 3 spell levels left.
You didn't know any spells.
Your spell library contained the following spells:

 Spells                   Type           Power      Damage    Failure   Level
 Lesser Beckoning         Tloc           0%         N/A       67%         2
 Gell's Gravitas          Tloc           0%         N/A       88%         3
 Teleport Other           Tloc           0%         N/A       88%         3


Dungeon Overview and Level Annotations

Branches:
Dungeon (3/15)

Altars:

Shops:
D:1 [

Annotations:
D:3 Terence


Innate Abilities, Weirdness & Mutations

You have a pair of small horns on your head.
You sometimes gain a little power by taking damage.


Message History

You now have 140 gold pieces (gained 8).
Terence the Incautious comes into view.
He is wielding a +2 flail of venom.
There is a stone staircase leading down here.
Terence screams, "I want your blood!"
Terence is nearby!
Found a scroll labelled KUQOYROIBI.
The frilled lizard hisses angrily.
There are monsters nearby!
Terence misses you.
You hit Terence but do no damage. You headbutt Terence.
Terence is moderately wounded.
Terence barely misses you.
There are monsters nearby!
You hit Terence but do no damage. You headbutt Terence.
Terence is moderately wounded.
Terence says, "Don't bother to defend, it's senseless."
Terence hits you with a +2 flail of venom.
You are poisoned.
Terence hits you with a +2 flail of venom.
You are more poisoned.
You hit Terence but do no damage.
Terence is moderately wounded.
You feel very sick. Terence completely misses you.
The frilled lizard bites you but does no damage.
You hit Terence but do no damage.
Terence is moderately wounded.
You feel very sick.
Terence says, "Don't bother to defend, it's useless."
Terence closely misses you. The frilled lizard closely misses you.
You hit Terence. You headbutt Terence.
Terence is heavily wounded.
You feel very sick.
Terence hits you with a +2 flail of venom!
* * * LOW HITPOINT WARNING * * *
You are more poisoned.
The frilled lizard closely misses you.
You hit Terence. You headbutt Terence, but do no damage.
Terence is severely wounded.
You die...

..####.#.##########.# #
##.## #.# #.# #.##
######.# ...# ##......#
...# .......<# ...###
..†.....##########..[...
.......##...##..........
.......##....>..@@......
...#........##...l......
..#(..###..#######...###
####.## #..# ....?. #†#
#..# ..### #.. ...# ..#
.....#.## ## ####)#.#
#.#.#


You could see Terence and a frilled lizard.

Vanquished Creatures
  2 adders (D:2)
  2 dart slugs
  4 endoplasms
  5 giant cockroaches
  3 goblins
  5 hobgoblins
  6 jackals (D:1)
  A quokka (D:3)
  6 ball pythons
  4 bats
  4 frilled lizards
  2 kobolds (D:1)
  5 rats
49 creatures vanquished.

Notes
Turn   | Place    | Note
-------+----------+-------------------------------------------
     0 | D:1      | innerfire43 the Demonspawn Wanderer began the quest for the
                  | Orb.
     0 | D:1      | innerfire43 set off with the following items: a +0 flail, a
                  | +0 short sword, a +0 ring mail, a scroll of fear.
     0 | D:1      | Reached XP level 1. HP: 16/16 MP: 1/1
     0 | D:1      | Noticed a black draconian
     0 | D:1      | Noticed an ice dragon
     1 | D:1      | Noticed a tentacled monstrosity
     7 | D:1      | Noticed an iron dragon
     8 | D:1      | Noticed a shadow dragon
     9 | D:1      | Noticed a green draconian
    11 | D:1      | Noticed a red draconian
    13 | D:1      | Noticed a tentacled monstrosity
    13 | D:1      | Noticed a large abomination
    15 | D:1      | Noticed a shadow dragon
    17 | D:1      | Noticed a tentacled monstrosity
    17 | D:1      | Noticed a shadow dragon
    17 | D:1      | Noticed a green draconian
    19 | D:1      | Noticed a golden dragon
    19 | D:1      | Noticed a shadow dragon
    21 | D:1      | Noticed an orb of fire
    90 | D:1      | Gained mutation: You have a pair of small horns on your
                  | head. [demonic ancestry]
    90 | D:1      | Reached XP level 2. HP: 14/22 MP: 2/2
   303 | D:1      | You fall into a shaft and drop 1 floor!
   434 | D:1      | Reached skill level 3 in Maces & Flails
   445 | D:1      | Gained mutation: You sometimes gain a little power by
                  | taking damage. [demonic ancestry]
   445 | D:1      | Reached XP level 3. HP: 24/28 MP: 3/3
   536 | D:1      | Found Edebbuoll's Antique Armour Emporium.
  1463 | D:2      | Reached XP level 4. HP: 32/34 MP: 4/4
  1666 | D:3      | Noticed Terence
  1675 | D:3      | Succumbed to Terence's poison

Illustrated notes

Levels and vault maps discovered:
D:1:      shiori_arrival_whats_in_store_for_you, layout_basic, serial_shops,
          shop, minmay_crystal_room, chequers_arboretum,
          amcnicky_mini_corridor_feature, nicolae_the_louvre
D:2:      layout_loops_ring
D:3:      layout_loops_cross, minivault_19, uniq_terence

Skill      XL: |  1  2  3 |
---------------+----------+-----
Armour         | 2 |  2.4
Maces & Flails | 3 |  3.2
Dodging        | 2 |  2.0
Fighting       | |  2.7
Short Blades   | |  1.0
Stealth        | |  1.0

Action                     |  1- 3 |  4- 6 || total
---------------------------+-------+-------++-------
  Melee: Flail             |   120 |    13 ||   133
         Punch             |     1 |       ||     1
         Headbutt          |     8 |     5 ||    13
 Armour: Ring mail         |   134 |     6 ||   140
  Dodge: Dodged            |   117 |    10 ||   127

Table legend: (Time is in decaauts)
 A = Elapsed time spent in this place.
 B = Non-inter-level travel time spent in this place.
 C = Inter-level travel time spent in this place.
 D = Time resting spent in this place.
 E = Time spent auto-exploring this place.
 F = Levels seen in this place.
 G = Mean time per level.
                   A        B        C        D        E       F      G
               +--------+--------+--------+--------+--------+-----+--------+
         Total |   1708 |   1708 |      0 |      0 |   1269 |   3 |  569.3 |
       Dungeon |   1708 |   1708 |      0 |      0 |   1269 |   3 |  569.3 |
               +--------+--------+--------+--------+--------+-----+--------+

Top non-repeatable levels by time:
     D:1: 972 daAuts
     D:2: 654 daAuts
     D:3: 81 daAuts
